 Dungeon Crawl Stone Soup version 0.30.1-11-g7821555f0a (webtiles) character file.

Game seed: 5298760991627512993

139535 NamelessTwo the Earth Mage (level 17, -13/109 HPs)
             Began as a Gargoyle Earth Elementalist on Dec 22, 2023.
             Was a High Priest of Sif Muna.
             Killed from afar by a salamander tyrant (40 damage)
             ... with a flame surge
             ... on level 4 of the Snake Pit on Dec 23, 2023.
             The game lasted 03:09:26 (33026 turns).

NamelessTwo the Earth Mage (GrEE)                  Turns: 33026, Time: 03:09:26

Health: -13/109    AC: 23    Str: 16    XL:     17   Next: 28%
Magic:  33/44      EV: 12    Int: 23    God:    Sif Muna [*****.]
Gold:   1653       SH: 10    Dex: 10    Spells: 3/44 levels left

rFire   . . .        P - staff of earth
rCold   + . .        e - +1 kite shield {rPois}
rNeg    + . .        M - +2 robe {Will+}
rPois   ∞            S - +2 hat {Will+}
rElec   +            t - scarf {harm}
rCorr   .            q - +2 pair of gloves
SInv    +            G - +1 pair of boots of Ahiul {+Blink rPois rC+ Str+3}
Will    +++..        H - amulet of magic regeneration
Stlth   ++           Z - ring of magical power
HPRegen 0.38/turn    C - ring of see invisible
MPRegen 0.69/turn

%: harm (+30% outgoing, +20% incoming)
@: flying
A: sickness immunity, AC +12, big wings, negative energy resistance 1,
electricity resistance, torment resistance 1, petrification resistance
a: Renounce Religion, Evoke Blink, Channel Magic, Forget Spell, Divine Exegesis


You were on level 4 of the Snake Pit.
You worshipped Sif Muna.
Sif Muna was extremely pleased with you.
You visited 5 branches of the dungeon, and saw 24 of its levels.
You also visited: Bailey.

You collected 2894 gold pieces.
You spent 1241 gold pieces at shops.

Inventory:

Missiles
 y - a throwing net
Armour
 b - a +1 kite shield
 e - a +1 kite shield of poison resistance (worn)
 m - the +0 chain mail of Midwinter {rN+ SInv Stlth+}
   (You found it on level 2 of the Snake Pit)

   rN:        It protects you from negative energy.
   SInv:      It lets you see invisible.
   Stlth:     It makes you more stealthy.
 q - a +2 pair of gloves (worn)
 t - a scarf of harm (worn)
 G - the +1 pair of boots of Ahiul (worn) {+Blink rPois rC+ Str+3}
   (You acquired it on level 2 of the Snake Pit)

   Str:       It affects your strength (+3).
   rC:        It protects you from cold.
   rPois:     It protects you from poison.
   +Blink:    It lets you blink.
 J - a +1 robe of resistance
 M - a +2 robe of willpower (worn)
 S - a +2 hat of willpower (worn)
 W - the +1 robe "Gackied" {rPois Str+4}
   (You found it on level 3 of the Snake Pit)

   Str:       It affects your strength (+4).
   rPois:     It protects you from poison.
Magical Staves
 P - a staff of earth (weapon)
Jewellery
 a - a ring of fire
 g - a ring of protection from cold
 j - a ring of positive energy
 C - a ring of see invisible (right hand)
 E - a ring of wizardry
 H - an amulet of magic regeneration (around neck)
 O - an amulet of reflection
 Z - a ring of magical power (left hand)
Wands
 n - a wand of digging (14)
 x - a wand of paralysis (15)
 A - a wand of mindburst (8)
 D - a wand of light (13)
 Q - a wand of iceblast (8)
 V - a wand of flame (22)
Scrolls
 d - 4 scrolls of amnesia
 f - 12 scrolls of teleportation
 h - a scroll of silence {unknown}
 i - 2 scrolls of poison
 p - 5 scrolls of magic mapping
 r - 2 scrolls of identify
 K - a scroll of enchant weapon
 L - 4 scrolls of immolation
 T - 3 scrolls of blinking
 X - 2 scrolls of vulnerability
Potions
 c - 9 potions of heal wounds
 k - 12 potions of curing
 l - 5 potions of haste
 o - 6 potions of brilliance
 s - 7 potions of invisibility
 u - a potion of resistance
 v - 3 potions of cancellation
 w - 8 potions of lignification
 z - 3 potions of attraction
 B - a potion of magic
 F - 3 potions of might
 I - 5 potions of mutation
 R - 2 potions of ambrosia
Miscellaneous
 N - a piece from Xom's chessboard (15/15)
 U - a phantom mirror
 Y - a box of beasts


   Skills:
 - Level 13.2 Fighting
 - Level 6.1 Dodging
 - Level 2.1 Stealth
 - Level 6.1 Shields
 + Level 14.3 Spellcasting
 * Level 16.4 Conjurations
 - Level 0.7 Transmutations
 - Level 4.6 Fire Magic
 - Level 18.1 Earth Magic
 + Level 4.8 Evocations


You had 3 spell levels left.
You knew the following spells:

 Your Spells              Type           Power      Damage    Failure   Level
a - Sandblast             Erth           100%       2d20      0%          1
b - Stone Arrow           Conj/Erth      100%       3d13      1%          3
c - Lee's Rapid Deconstr  Erth           50%        3d24*     1%          5
d - Passwall              Tmut/Erth      61%        N/A       1%          2
e - Flame Wave            Conj/Fire      60%        2d14      1%          4
f - Orb of Destruction    Conj           37%        9d11      9%          7
g - Borgnjor's Vile Clut  Necr/Erth      36%        N/A       6%          5
h - Iron Shot             Conj/Erth      48%        9d9       1%          6
i - Lehudib's Crystal Sp  Conj/Erth      48%        10d12     45%         8

Your spell library contained the following spells:

 Spells                   Type           Power      Damage    Failure   Level
 Magic Dart               Conj           100%       1d8       0%          1
 Searing Ray              Conj           100%       2d8       0%          2
 Kiss of Death            Conj/Necr      100%       2d13      1%          1
 Shock                    Conj/Air       100%       1d9       1%          1
 Static Discharge         Conj/Air       100%       2-7/arc   1%          2
 Dazzling Flash           Conj/Hex       100%       N/A       1%          3
 Mephitic Cloud           Conj/Pois/Air  41%        N/A       3%          3
 Slow                     Hex            64%        N/A       9%          1
 Inner Flame              Hex/Fire       27%        N/A       11%         3
 Volatile Blastmotes      Fire/Tloc      54%        2d14      11%         3
 Lesser Beckoning         Tloc           32%        N/A       14%         2
 Confusing Touch          Hex            16%        N/A       26%         3
 Frozen Ramparts          Ice            32%        1d5       26%         3
 Gell's Gravitas          Tloc           16%        N/A       26%         3
 Summon Guardian Golem    Hex/Summ       16%        N/A       26%         3
 Swiftness                Air            16%        N/A       26%         3
 Teleport Other           Tloc           16%        N/A       26%         3
 Vampiric Draining        Necr           16%        2d7       26%         3
 Vhi's Electric Charge    Tloc/Air       32%        N/A       26%         3
 Petrify                  Tmut/Erth      74%        N/A       1%          4
 Sticky Flame             Conj/Fire      60%        2d8       1%          4
 Leda's Liquefaction      Hex/Erth       36%        N/A       2%          4
 Fulminant Prism          Conj/Hex       26%        3d14      3%          4
 Iskenderun's Mystic Bla  Conj/Tloc      53%        2d11      3%          4
 Fireball                 Conj/Fire      30%        3d13      3%          5
 Irradiate                Conj/Tmut      27%        3d20      8%          5
 Freezing Cloud           Conj/Ice/Air   20%        6-21      26%         5
 Ice Form                 Ice/Tmut       18%        N/A       61%         4
 Airstrike                Air            8%         2d(2-18)  65%         4
 Anguish                  Hex/Necr       8%         N/A       65%         4
 Dispel Undead            Necr           16%        3d10      65%         4
 Summon Ice Beast         Ice/Summ       16%        N/A       65%         4
 Summon Lightning Spire   Summ/Air       16%        N/A       65%         4
 Blade Hands              Tmut           9%         N/A       88%         5
 Alistair's Intoxication  Tmut/Pois      12%        N/A       91%         5
 Yara's Violent Unravell  Hex/Tmut       9%         3d6       91%         5
 Agony                    Necr           16%        N/A       94%         5
 Metabolic Englaciation   Hex/Ice        8%         N/A       94%         5
 Silence                  Hex/Air        8%         N/A       94%         5
 Summon Mana Viper        Hex/Summ       16%        N/A       94%         5
 Dragon Form              Tmut           9%         N/A       100%        7
 Summon Horrible Things   Summ           8%         N/A       100%        8
 Chain Lightning          Conj/Air       26%        3d35      100%        9
 Sublimation of Blood     Necr           Unusable   N/A       N/A         2

Dungeon Overview and Level Annotations

Branches:
Dungeon (12/15)            Temple (1/1) D:5            Lair (5/5) D:11
 Shoals (0/4) Lair:2        Snake (4/4) Lair:2        Slime (0/5) Lair:4
    Orc (2/2) D:9             Elf (0/3) Orc:2        Bailey (visited)

Altars:
Ashenzari
Cheibriados
Dithmenos
Elyvilon
Fedhas
Gozag
Hepliaklqana
Kikubaaqudgha
Makhleb
Nemelex Xobeh
Okawaru
Qazlal
Ru
Sif Muna
Trog
Uskayaw
Vehumet
Wu Jian
Xom
Yredelemnul
Zin
The Shining One

Shops:
D:1 (   D:5 *   D:8 (   D:10 ?   Orc:2 ?(*!(*   Snake:2 ?

Annotations:
D:9 1 runed translucent door, exclusion: statue, vvlvvlvvl's ghost, journeyman DsFi
Snake:1 3 runed translucent doors, Epiabaif's ghost, journeyman FeSu
Snake:4 6 transporters


Innate Abilities, Weirdness & Mutations

You are immune to sickness and miasma.
Your stone body is resilient. (AC +12)
You are immune to poison.
Your large and strong wings let you fly.
You resist negative energy. (rN+)
You are resistant to electric shocks. (rElec)
You are resistant to unholy torment.
You are immune to petrification.


Message History

You feel a surge of power!
The iron shot hits the salamander mystic!!
You kill the salamander mystic!
Sif Muna accepts your kill.
You start resting.
A nagaraja comes into view. It is wielding a +0 club.
Casting: Iron Shot (dangerous; 1% risk of failure)
Confirm with . or Enter, or press ? or * to list all spells.
Aiming: Lee's Rapid Deconstruction (safe; 1% risk of failure)
Press: ? - help, Dir - move target A rock wall.
You feel a surge of power!
The wall shatters!
The blast of rock fragments hits the nagaraja!!
The nagaraja is heavily wounded.
Casting: Lee's Rapid Deconstruction (safe; 1% risk of failure)
Confirm with . or Enter, or press ? or * to list all spells.
Aiming: Lee's Rapid Deconstruction (safe; 1% risk of failure)
Press: ? - help, Dir - move target A rock wall.
You feel a surge of power!
The wall shatters!
The blast of rock fragments hits the nagaraja!!!
You kill the nagaraja!
Sif Muna accepts your kill.
You start resting.
A salamander tyrant comes into view.
Casting: Lee's Rapid Deconstruction (safe; 1% risk of failure)
Confirm with . or Enter, or press ? or * to list all spells.
Aiming: Lee's Rapid Deconstruction (safe; 1% risk of failure)
Press: ? - help, Dir - move target A rock wall.
You feel a surge of power!
The wall shatters!
The blast of rock fragments hits the salamander tyrant!!!
The salamander tyrant is almost dead.
The salamander tyrant rends the earth beneath you!
The blast of magma engulfs you!!!
Ouch! That really hurt!
* * * LOW HITPOINT WARNING * * *
The salamander tyrant calls gouts of flame from the lava!
The flame surge hits you!!
You die...

# #....#...## #...... #
..##.##...### #^..... #
...#..©#.### ###...... #######
.....©...# ####...#[..#
......#####..#©..#####....#.....#
#####.....#####.#####..##......##
# #####....##.......)N..#.).###
############.....)#..#####..#)# #
#...............@≈.)## #.##.###
......###....##≈##..# ...##....
#..##.......###.......#######....
#.##..........)...)#### ##..N.
.......##.........)# #.....
##..................# #.....
.......#.........##.# #N<...
..####...........##.##### #.....
..#......#..............####N....


You could see a salamander tyrant.

Vanquished Creatures
  Saint Roka (Snake:2)
  2 tentacled monstrosities (Snake:2)
  Jorgrun (Snake:2)
  A thorn hunter (Snake:2)
  4 nagarajas
  A fire dragon (Lair:5)
  Josephine (D:11)
  A salamander tyrant (Snake:4)
  8 hydras
  4 two-headed ogres
  4 boulder beetles
  7 anacondas
  12 naga warriors
  A death yak (D:11)
  4 shock serpents
  3 alligators
  5 orc high priests (Orc:2)
  10 naga sharpshooters
  A shadow wraith (D:12)
  4 salamander mystics
  2 sea snakes (Snake:4)
  2 swamp dragons (Snake:2)
  A lindwurm (Lair:5)
  5 naga ritualists
  An obsidian statue (D:12)
  Pikel (D:5)
  A phantasmal warrior (D:10)
  8 orc knights
  3 mana vipers
  3 ugly things (D:12)
  2 orc sorcerers
  3 cyclopes
  14 salamanders
  14 centaur zombies (D:11)
  23 naga magi
  4 guardian serpents
  24 black mambas
  2 molten gargoyles (Lair:5)
  2 unseen horrors (D:11)
  A gargoyle (D:12)
  An efreet (D:11)
  Psyche (D:8)
  A kobold demonologist (Bailey)
  10 komodo dragons
  10 cane toads
  7 trolls
  2 polar bears
  2 tyrant leeches (Snake:2)
  A hornet (D:6)
  8 slime creatures
  13 blink frogs
  A snapping turtle (Lair:2)
  A meliai zombie (D:11)
  4 shadows
  31 yaks
  9 vampires
  5 centaur simulacra (D:10)
  8 wraiths (D:11)
  11 wyverns
  2 vampire mosquitoes (D:12)
  6 basilisks
  3 steam dragons
  Eustachio (D:6)
  51 nagas
  4 swamp worms (Snake:2)
  12 wargs
  17 water moccasins
  A swamp drake (Snake:2)
  4 hell hounds (Lair:5)
  2 black bears
  26 orc warriors
  An ice beast (D:8)
  A sky beast (D:6)
  6 ogres
  13 wolves
  9 centaurs
  A phantom (D:6)
  3 kobold brigands
  11 bullfrogs
  A gnoll sergeant (D:10)
  A scorpion (D:4)
  5 wights (D:8)
  15 killer bees
  5 howler monkeys (D:11)
  8 electric eels
  4 jellies
  8 lava snakes
  6 hounds
  48 orc priests
  4 sleepcaps
  Jessica (D:3)
  A gnoll bouda (D:8)
  6 hell rats (Lair:4)
  6 iguanas
  16 orc wizards
  13 gnolls
  5 adders
  4 river rats
  A shadow imp (D:6)
  3 white imps
  An ufetubus (D:10)
  3 worms
  3 dart slugs
  97 orcs
  8 ball pythons
  3 bats
  2 endoplasms (D:1)
  4 giant cockroaches
  23 goblins
  4 hobgoblins
  19 jackals
  5 quokkas
  3 frilled lizards
  6 kobolds
  10 rats
843 creatures vanquished.

Notes
Turn   | Place    | Note
-------+----------+-------------------------------------------
     0 | D:1      | NamelessTwo the Gargoyle Earth Elementalist began the quest
                  | for the Orb.
     0 | D:1      | Reached XP level 1. HP: 10/10 MP: 3/3
   185 | D:1      | Reached XP level 2. HP: 11/16 MP: 1/5
   249 | D:1      | Reached skill level 1 in Fighting
   367 | D:1      | Reached skill level 4 in Earth Magic
   555 | D:1      | Reached XP level 3. HP: 20/20 MP: 4/6
   595 | D:1      | Found Caduqit's Weapon Shoppe.
  1199 | D:2      | Reached XP level 4. HP: 9/26 MP: 3/8
  1349 | D:2      | Reached skill level 5 in Earth Magic
  1517 | D:2      | Found a hide-covered altar of Uskayaw.
  1530 | D:2      | Reached XP level 5. HP: 31/31 MP: 6/9
  2225 | D:3      | Noticed Jessica
  2243 | D:3      | Killed Jessica
  2307 | D:3      | Found a shadowy altar of Dithmenos.
  2476 | D:3      | Found a faded altar of an unknown god.
  2503 | D:3      | You fall into a shaft and drop 2 floors!
  2503 | D:5      | Entered Level 5 of the Dungeon
  2555 | D:4      | Reached XP level 6. HP: 34/36 MP: 5/11
  2624 | D:4      | Learned a level 3 spell: Stone Arrow
  2639 | D:4      | Reached skill level 6 in Earth Magic
  3175 | D:3      | Found a stormy altar of Qazlal.
  3937 | D:5      | Reached XP level 7. HP: 39/41 MP: 8/12
  3970 | D:5      | Found a staircase to the Ecumenical Temple.
  3984 | Temple   | Entered the Ecumenical Temple
  4182 | D:5      | Reached skill level 7 in Earth Magic
  4304 | D:5      | HP: 2/42 [water moccasin (8)]
  4590 | D:5      | Reached skill level 8 in Earth Magic
  4839 | D:5      | Found Zaffos's Mayhem Merchandise.
  4847 | D:5      | Reached XP level 8. HP: 48/48 MP: 11/14
  5040 | D:6      | Noticed Pikel
  5204 | D:5      | Killed Pikel
  5205 | D:5      | Reached skill level 5 in Fighting
  5205 | D:5      | Reached skill level 5 in Spellcasting
  5205 | D:5      | Reached skill level 9 in Earth Magic
  5411 | D:6      | Noticed a hornet
  5434 | D:6      | Noticed Eustachio
  5436 | D:6      | Killed Eustachio
  5518 | D:6      | Found a sacrificial altar of Ru.
  5542 | D:6      | Reached skill level 10 in Earth Magic
  5542 | D:6      | Reached XP level 9. HP: 55/55 MP: 0/17
  5916 | D:6      | Reached skill level 1 in Conjurations
  5998 | D:6      | Killed a hornet
  6587 | D:7      | Learned a level 5 spell: Lee's Rapid Deconstruction
  6824 | D:7      | Found a shimmering blue altar of Sif Muna.
  6842 | D:7      | Became a worshipper of Sif Muna the Loreminder
  7209 | D:8      | Found Neocs's Weapon Shop.
  7265 | D:8      | Noticed Psyche
  7281 | D:8      | Killed Psyche
  7282 | D:8      | Reached skill level 5 in Conjurations
  7553 | D:8      | Found a flagged portal.
  7563 | Bailey   | Entered a bailey
  7617 | Bailey   | Reached * piety under Sif Muna
  7618 | Bailey   | Reached XP level 10. HP: 41/63 MP: 14/20
  7851 | Bailey   | Noticed an orc knight
  7856 | Bailey   | Killed an orc knight
  7926 | Bailey   | Noticed an orc sorcerer
  8237 | Bailey   | Noticed a kobold demonologist
  8243 | Bailey   | Found an iron altar of Okawaru.
  8252 | Bailey   | Killed an orc sorcerer
  8307 | Bailey   | Killed a kobold demonologist
  8348 | Bailey   | Reached skill level 10 in Spellcasting
  8348 | Bailey   | Reached skill level 12 in Earth Magic
  8348 | Bailey   | Reached XP level 11. HP: 68/68 MP: 21/25
  8352 | Bailey   | Learned a level 2 spell: Passwall
  8509 | Bailey   | Noticed an orc knight
  8514 | Bailey   | Killed an orc knight
  8663 | Bailey   | Acquired 954 gold pieces
  9115 | D:8      | Noticed a two-headed ogre
  9117 | D:8      | Killed a two-headed ogre
  9161 | D:8      | Reached ** piety under Sif Muna
  9354 | D:8      | Noticed a two-headed ogre
  9358 | D:8      | Killed a two-headed ogre
 10028 | D:9      | Reached XP level 12. HP: 56/76 MP: 20/26
 10163 | D:9      | Found a runed translucent door.
 10165 | D:9      | Noticed vvlvvlvvl's ghost (journeyman DsFi)
 10268 | D:9      | Found a staircase to the Orcish Mines.
 10495 | D:9      | Found a radiant altar of Vehumet.
 11182 | D:10     | Entered Level 10 of the Dungeon
 11192 | D:10     | Reached skill level 10 in Conjurations
 11352 | D:10     | Reached *** piety under Sif Muna
 11930 | D:10     | Found Ucimi's Magic Scroll Emporium.
 12159 | D:10     | Reached skill level 10 in Fighting
 12268 | D:10     | Reached skill level 13 in Earth Magic
 12278 | D:10     | Found the +3 pair of seven-league boots {Rampage+∞}
 13021 | D:11     | Reached skill level 14 in Earth Magic
 13194 | D:11     | Reached XP level 13. HP: 83/83 MP: 22/28
 13356 | D:11     | Found a staircase to the Lair.
 13498 | D:11     | Reached **** piety under Sif Muna
 14310 | D:11     | Noticed Josephine
 14312 | D:11     | Killed Josephine
 14479 | D:11     | Reached skill level 1 in Shields
 14628 | D:11     | Reached skill level 15 in Earth Magic
 15652 | D:10     | Bought a scroll of identify for 26 gold pieces
 15652 | D:10     | Bought a scroll of identify for 26 gold pieces
 15652 | D:10     | Bought a scroll of poison for 52 gold pieces
 15692 | Lair:1   | Entered Level 1 of the Lair of Beasts
 16182 | Lair:1   | Reached skill level 16 in Earth Magic
 17270 | Lair:2   | Reached ***** piety under Sif Muna
 17272 | Lair:2   | Gained mutation: Your large and strong wings let you fly.
                  | [Gargoyle growth]
 17272 | Lair:2   | Reached XP level 14. HP: 81/92 MP: 19/30
 17307 | Lair:2   | Found a staircase to the Snake Pit.
 17520 | Lair:2   | Found a staircase to the Shoals.
 18036 | Lair:2   | Reached skill level 5 in Shields
 18344 | Lair:3   | Received a gift from Sif Muna
 18351 | Lair:3   | Got Belamp's Parchment of the Entranced Excursion {god
                  | gift}
 18804 | Lair:3   | You are sucked into a shaft and drop 2 floors!
 18804 | Lair:5   | Entered Level 5 of the Lair of Beasts
 18820 | Lair:4   | Reached skill level 17 in Earth Magic
 19179 | Lair:4   | Found a staircase to the Slime Pits.
 20107 | Lair:4   | Reached skill level 1 in Fire Magic
 20395 | Lair:5   | Learned a level 4 spell: Flame Wave
 20833 | Lair:5   | Reached skill level 18 in Earth Magic
 20845 | Lair:5   | Received a gift from Sif Muna
 20850 | Lair:5   | Got Haluleru's Secrets of the Radiant Flock {god gift}
 20879 | Lair:5   | Found a large runed translucent door.
 20879 | Lair:5   | Found a large runed translucent door.
 22962 | Orc:1    | Entered Level 1 of the Orcish Mines
 23090 | Orc:2    | Entered Level 2 of the Orcish Mines
 23090 | Orc:2    | Found Puoph's Overcharged Wands.
 23122 | Orc:2    | Reached XP level 15. HP: 99/99 MP: 30/31
 23941 | Orc:2    | Found a staircase to the Elven Halls.
 24071 | Orc:2    | Received a gift from Sif Muna
 24072 | Orc:2    | Got Sif Muna's Essays on Bruises {god gift}
 24372 | Orc:2    | Found Muydod's Assorted Antiques.
 24869 | Orc:2    | Found Vonerim's Weapon Shoppe.
 24869 | Orc:2    | Found Uthrunysy's Distillery.
 24876 | Orc:2    | Bought a potion of curing for 42 gold pieces
 24876 | Orc:2    | Bought a potion of heal wounds for 70 gold pieces
 24876 | Orc:2    | Bought a potion of heal wounds for 70 gold pieces
 24876 | Orc:2    | Bought a potion of heal wounds for 70 gold pieces
 24916 | Orc:2    | Found Emeihoen's Weapon Shoppe.
 24916 | Orc:2    | Found Wurifyri's Magic Scroll Shop.
 24924 | Orc:2    | Bought a scroll of blinking for 105 gold pieces
 26034 | Snake:1  | Entered Level 1 of the Snake Pit
 26202 | Snake:1  | Learned a level 7 spell: Orb of Destruction
 26215 | Snake:1  | Found a runed translucent gate.
 26216 | Snake:1  | Found a runed translucent gate.
 26219 | Snake:1  | Found a runed translucent gate.
 26238 | Snake:1  | Noticed Epiabaif's ghost (journeyman FeSu)
 26382 | Snake:1  | Received a gift from Sif Muna
 26385 | Snake:1  | Got Sif Muna's Theurgy, Part Five {god gift}
 26392 | Snake:1  | Learned a level 5 spell: Borgnjor's Vile Clutch
 26526 | Snake:1  | Found a glowing golden altar of the Shining One.
 28065 | Snake:2  | Learned a level 6 spell: Iron Shot
 28134 | Snake:2  | Noticed Jorgrun
 28146 | Snake:2  | Killed Jorgrun
 28147 | Snake:2  | Reached skill level 5 in Dodging
 28231 | Snake:2  | Identified the +0 chain mail of Midwinter {rN+ SInv Stlth+}
 28387 | Snake:2  | Reached XP level 16. HP: 104/104 MP: 14/33
 28876 | Snake:2  | Noticed a tentacled monstrosity
 28882 | Snake:2  | Killed a tentacled monstrosity
 28885 | Snake:2  | Noticed a tentacled monstrosity
 28893 | Snake:2  | Killed a tentacled monstrosity
 28997 | Snake:2  | Noticed a thorn hunter
 29004 | Snake:2  | Killed a thorn hunter
 29264 | Snake:2  | Received a gift from Sif Muna
 29267 | Snake:2  | Got Sif Muna's Omnibus of Overcast Topography {god gift}
 29283 | Snake:2  | Learned a level 8 spell: Lehudib's Crystal Spear
 29460 | Snake:2  | Found Cuupul's Magic Scroll Emporium.
 29460 | Snake:2  | Noticed Saint Roka
 29660 | Snake:2  | Bought a scroll of acquirement for 780 gold pieces
 29787 | Snake:2  | Acquired the +1 pair of boots of Ahiul {+Blink rPois rC+
                  | Str+3}
 30156 | Snake:2  | Killed Saint Roka
 30337 | Snake:3  | Reached skill level 1 in Evocations
 30789 | Snake:3  | Reached skill level 15 in Conjurations
 31029 | Snake:3  | Identified the +1 robe "Gackied" {rPois Str+4}
 31085 | Snake:3  | Noticed a nagaraja
 31089 | Snake:3  | Killed a nagaraja
 31263 | Snake:3  | Noticed a nagaraja
 31267 | Snake:3  | Killed a nagaraja
 31733 | Snake:4  | Entered Level 4 of the Snake Pit
 31887 | Snake:4  | Found a transporter.
 31901 | Snake:4  | Found a transporter.
 31952 | Snake:4  | HP: 3/104 [salamander tyrant (62)]
 31967 | Snake:4  | HP: 4/104 [black mamba (4)]
 32238 | Snake:4  | Noticed a nagaraja
 32243 | Snake:4  | Reached XP level 17. HP: 84/109 MP: 23/35
 32629 | Snake:4  | Found a transporter.
 32636 | Snake:4  | Found a transporter.
 32643 | Snake:4  | Found a transporter.
 32648 | Snake:4  | Found a transporter.
 33026 | Snake:4  | Killed from afar by a salamander tyrant

Illustrated notes

Levels and vault maps discovered:
D:1:      dpeg_arrival_simpleton_b, layout_loops_ring, serial_shops, shop,
          hex_medium, minmay_tree_intersection, chequers_jeans,
          minmay_pentomino_v4
D:2:      layout_rooms, serial_co_window_serial, co_window_corner_a,
          co_window_cross_1, co_window_of_opportunity_a, co_window_corner_a,
          co_window_paths_a, co_window_paths_a, co_window_of_opportunity_b,
          co_window_unsneaky_path_a, co_window_corner_b, co_window_broadway_a,
          co_window_4corner_a, glass_columns_a, glass_columns_a,
          glass_columns_a, glass_columns_b, glass_columns_a, basic_altar
D:3:      layout_loops_ring, mainiacjoe_overflow_large_starburst,
          gup_sewer_entry_bubbles, ebering_ecumenical_altar_mist, uniq_jessica
D:4:      layout_basic, kennysheep_generic_room_6
D:5:      layout_loops_ring, temple_pool_b, serial_bayou_lagoon_a,
          minmay_shop_mayhem
D:6:      layout_basic, mainiacjoe_overflow_chevrons, uniq_pikel, uniq_eustachio
D:7:      layout_rooms, mainiacjoe_overflow_paths
D:8:      minmay_polygon_palace, layout_basic, enter_bailey_3, serial_shops,
          nicolae_shop_real_fake_doors, uniq_psyche
D:9:      layout_stronghold, vehumet_statue, david_orc_1_choice,
          ebering_ghost_inner_flame
D:10:     layout_small_grid, serial_ice, serial_ice_f, serial_ice_e,
          serial_ice_l, serial_ice_c, serial_ice_o, nicolae_take_the_stairs,
          hellmonk_guarded_unrand_seven_league_boots
D:11:     minmay_the_grid_square_5x5_3x3 [minmay_the_grid_square_5x5_slash,
          minmay_the_grid_square_5x5_forky, minmay_the_grid_square_5x5_six,
          minmay_the_grid_square_5x5_comb,
          minmay_the_grid_square_5x5_megaprize_hollow,
          minmay_the_grid_square_5x5_half_checkered,
          minmay_the_grid_square_5x5_sharp_hourglass,
          minmay_the_grid_square_5x5_doubleslash,
          minmay_the_grid_square_5x5_percent], layout_basic, david_lair_generic,
          serial_undead, serial_undead_d, serial_undead_a, serial_undead_b,
          serial_undead_c, serial_undead_d, serial_undead_b, uniq_josephine
D:12:     minmay_statue_hallways, layout_irregular_city,
          minmay_mirror_moons_of_madness
Temple:   bh_familiar_temple
Lair:1:   hellmonk_ruined_rings, layout_cave_shapes,
          grunt_forest_large_clearings, serial_bayou_shore_b
Lair:2:   layout_cellular_growth, minmay_shoals_entry_hut,
          nicolae_snake_entry_warm_welcome
Lair:3:   layout_loops_ring, pond
Lair:4:   layout_long_grid, minmay_slime_entry_pillars, lemuel_fruit_fields
Lair:5:   cheibrodos_lair_end_hotspot, layout_misc_corridors
Snake:1:  layout_chambers, basic_altar, gammafunk_ghost_necromancy,
          grunt_megastairs_3
Snake:2:  onia_ninara_swampy_vault, layout_basic, serial_shops,
          nicolae_shop_competitors_out_of_business,
          nicolae_snake_guarding_the_ruins, uniq_jorgrun, uniq_saint_roka
Snake:3:  layout_misc_corridors
Snake:4:  snake_pit, layout_rooms, serial_bayou_pond_b, serial_nicolae_subway,
          nicolae_sub_station_crystal, nicolae_sub_station_metal,
          nicolae_sub_station_stone
Orc:1:    layout_diamond_mine
Orc:2:    st_orc_town, layout_caves, serial_shops, shop,
          dreamdust_deal_with_the_devil, nicolae_shop_overcharged_wands

Skill      XL: |  1  2  3  4  5  6  7  8  9 10 11 12 13 14 15 16 17 |
---------------+----------------------------------------------------+-----
Fighting       | 1 2 3 4 5 7 8 9 10 12 13 | 13.2
Earth Magic    | 4 5 6 8 10 12 14 16 18 | 18.1
Spellcasting   | 3 4 5 6 10 11 12 13 14 | 14.3
Conjurations   | 6 7 9 10 13 15 16 | 16.4
Shields        | 4 6 |  6.1
Fire Magic     | 4 |  4.6
Dodging        | 2 5 6 |  6.1
Evocations     | 3 4 |  4.8
Stealth        | |  2.1
Transmutations | |  0.7

Action                     |  1- 3 |  4- 6 |  7- 9 | 10-12 | 13-15 | 16-18 || total
---------------------------+-------+-------+-------+-------+-------+-------++-------
  Melee: Unarmed           |    18 |       |       |       |       |       ||    18
         Punch             |     2 |       |       |       |       |       ||     2
         War axe           |    50 |    64 |    10 |       |       |       ||   124
         Whip              |       |       |     1 |       |     4 |       ||     5
         Staff             |       |       |       |       |       |     1 ||     1
   Cast: Sandblast         |    29 |   105 |    67 |    39 |    84 |     8 ||   332
         Stone Arrow       |       |       |    34 |   148 |   479 |     2 ||   663
         Lee's Rapid Decon |       |       |     7 |    54 |   179 |   140 ||   380
         Iron Shot         |       |       |       |       |    13 |    77 ||    90
 Invoke: Channel Magic     |       |       |       |       |     1 |       ||     1
    Use: Scroll            |       |       |    14 |     8 |     9 |     3 ||    34
         Potion            |       |       |     1 |     1 |     3 |     6 ||    11
   Stab: Sleeping          |     1 |       |       |       |       |       ||     1
 Armour: Robe              |    42 |    37 |     1 |    39 |   135 |    39 ||   293
         Leather armour    |       |     1 |    24 |       |       |       ||    25
  Dodge: Dodged            |    92 |    77 |    37 |    60 |   127 |    36 ||   429
  Block: Kite shield       |       |       |       |       |    91 |    42 ||   133
